General information
- name: BNet
- type: Ladder team game (AT/RT)
- host: Battle.net
- saver: iggy_the_fisk
map: Monsoon
- players: 6
- length: 33:16
- speed: Fast
- version: 1.21 W3XP
- replay type:

» download(195 KB)
Players
team 1 (loser)
ev1llee (
purple | 35 APM | 1123 actions | 32:07)
4 Blademaster
1 Wind Walk
2 Critical Strike
1 Mirror Image
1 Shadow Hunter
1 Hex
» actions
| Assign group hotkey | 36 | |
| Basic commands | 4 | |
| Build / train | 77 | |
| Enter build submenu | 22 | |
| Enter hero's abilities submenu | 5 | |
| Give item / drop item | 1 | |
| Remove unit from queue | 3 | |
| Right click | 261 | |
| Select / deselect | 290 | |
| Select group hotkey | 391 | |
| Use ability | 33 | |
1123 total
» units
| Peon | 7 | |
| Grunt | 9 | |
| Shaman | 7 | |
| Demolisher | 5 | |
| Troll Batrider | 17 | |
| Tauren | 5 | |
| Wind Rider | 4 | |
54 total
» upgrades
| Berserker Strength | 1 | |
| Shaman Training | 2 | |
| Pulverize | 1 | |
| Witch Doctor Training | 0 | |
| Envenomed Spears | 1 | |
5 total
» buildings
| Altar of Storms | 1 | |
| Orc Burrow | 7 | |
| Barracks | 1 | |
| Voodoo Lounge | 1 | |
| Stronghold | 1 | |
| Spirit Lodge | 1 | |
| Fortress | 1 | |
| War Mill | 1 | |
| Beastiary | 2 | |
| Tauren Totem | 1 | |
| Watch Tower | 2 | |
19 total
» build order
00:05 Altar of Storms
00:15 Orc Burrow
00:40 Barracks
01:36 Orc Burrow
02:07 Voodoo Lounge
03:14 Stronghold
03:30 Orc Burrow
04:31 Orc Burrow
07:18 Spirit Lodge
07:23 Fortress
10:28 War Mill
11:59 Beastiary
12:13 Tauren Totem
14:44 Orc Burrow
14:51 Orc Burrow
21:21 Orc Burrow
21:29 Beastiary
31:28 Watch Tower
32:03 Watch Tower
» items
| Boots of Speed | 1 | |
| Circlet of Nobility | 1 | |
| Healing Salve | 2 | |
4 total

»
iamtony (
red | 32 APM | 1049 actions | 33:14)
4 Demon Hunter
2 Mana Burn
2 Evasion
» actions
| Assign group hotkey | 9 | |
| Basic commands | 2 | |
| Build / train | 87 | |
| ESC pressed | 1 | |
| Enter build submenu | 23 | |
| Enter hero's abilities submenu | 5 | |
| Remove unit from queue | 7 | |
| Right click | 493 | |
| Select / deselect | 357 | |
| Select group hotkey | 14 | |
| Use ability | 51 | |
1049 total
» units
| Wisp | 23 | |
| Archer | 11 | |
| Huntress | 8 | |
| Glaive Thrower | 7 | |
| Dryad | 9 | |
| Hippogryph | 5 | |
| Druid of the Claw | 1 | |
64 total
» upgrades
| Hippogryph Taming | 1 | |
| Abolish Magic | 1 | |
| Druid of the Claw Training | 2 | |
| Vorpal Blades | 1 | |
| Mark of the Claw | 1 | |
| Reinforced Hides | 2 | |
| Strength of the Wild | 1 | |
9 total
» buildings
| Altar of Elders | 1 | |
| Moon Well | 6 | |
| Ancient of War | 5 | |
| Hunter's Hall | 1 | |
| Tree of Ages | 1 | |
| Ancient of Lore | 4 | |
| Ancient of Wind | 2 | |
| Tree of Eternity | 1 | |
| Tree of Life | 1 | |
22 total
» build order
00:04 Altar of Elders
00:17 Moon Well
00:36 Ancient of War
01:53 Moon Well
02:31 Hunter's Hall
04:38 Tree of Ages
06:43 Moon Well
07:21 Ancient of Lore
08:19 Ancient of Lore
10:12 Ancient of Wind
10:17 Ancient of Wind
12:26 Moon Well
14:25 Tree of Eternity
16:56 Tree of Life
21:37 Moon Well
24:39 Ancient of War
24:45 Ancient of War
24:58 Ancient of War
25:16 Ancient of War
28:28 Ancient of Lore
28:33 Ancient of Lore
28:55 Moon Well

»
skseouljah (
teal | 48 APM | 1551 actions | 32:03)
5 Archmage
2 Summon Water Elemental
3 Brilliance Aura
1 Firelord
1 Summon Lava Spawn
» actions
| Assign group hotkey | 7 | |
| Basic commands | 114 | |
| Build / train | 124 | |
| Enter build submenu | 24 | |
| Enter hero's abilities submenu | 5 | |
| Remove unit from queue | 3 | |
| Right click | 706 | |
| Select / deselect | 461 | |
| Select group hotkey | 1 | |
| Use ability | 106 | |
1551 total
» units
| Peasant | 21 | |
| Footman | 13 | |
| Priest | 9 | |
| Gryphon Rider | 12 | |
| Sorceress | 2 | |
| Spell Breaker | 2 | |
| Dragonhawk Rider | 7 | |
| Mortar Team | 4 | |
| Knight | 4 | |
| Siege Engine | 16 | |
90 total
» upgrades
| Defend | 1 | |
| Priest Training | 2 | |
| Storm Hammers | 1 | |
| Sorceress Training | 2 | |
| Control Magic | 1 | |
| Gunpowder | 3 | |
| Armor | 3 | |
| Lumber Harvesting | 1 | |
| Fragmentation Shards | 1 | |
| Cloud | 1 | |
| Flare | 1 | |
| Barrage | 1 | |
| Animal War Training | 1 | |
19 total
» buildings
| Altar of Kings | 1 | |
| Farm | 10 | |
| Lumber Mill | 1 | |
| Barracks | 2 | |
| Keep | 1 | |
| Arcane Sanctum | 1 | |
| Castle | 1 | |
| Arcane Vault | 1 | |
| Gryphon Aviary | 2 | |
| Town Hall | 2 | |
| Blacksmith | 1 | |
| Workshop | 2 | |
25 total
» build order
00:10 Altar of Kings
00:26 Farm
00:53 Lumber Mill
01:12 Farm
01:22 Barracks
02:27 Barracks
02:32 Farm
03:12 Keep
04:06 Farm
05:39 Arcane Sanctum
07:17 Farm
07:56 Castle
07:58 Farm
09:03 Farm
09:58 Arcane Vault
10:30 Gryphon Aviary
10:32 Gryphon Aviary
10:38 Town Hall
12:10 Blacksmith
15:16 Farm
15:55 Farm
17:48 Workshop
21:08 Workshop
23:20 Farm
24:54 Town Hall
» items
| Scroll of Town Portal | 1 | |
| Boots of Speed | 1 | |
2 total
team 2 (winner)
BO_SCHEMBECHLER (
pink | 69 APM | 2304 actions | 33:15)
7 Blood Mage
3 Flame Strike
3 Siphon Mana
1 Summon Phoenix
6 Paladin
3 Holy Light
3 Divine Shield
» actions
| Assign group hotkey | 14 | |
| Basic commands | 67 | |
| Build / train | 97 | |
| ESC pressed | 3 | |
| Enter build submenu | 58 | |
| Enter hero's abilities submenu | 14 | |
| Give item / drop item | 7 | |
| Right click | 581 | |
| Select / deselect | 362 | |
| Select group hotkey | 816 | |
| Use ability | 285 | |
2304 total
» units
| Peasant | 23 | |
| Dragonhawk Rider | 8 | |
| Sorceress | 1 | |
32 total
» upgrades
| Masonry | 2 | |
| Lumber Harvesting | 1 | |
| Magic Sentry | 1 | |
| Priest Training | 1 | |
| Sorceress Training | 1 | |
6 total
» buildings
| Altar of Kings | 2 | |
| Lumber Mill | 1 | |
| Farm | 7 | |
| Scout Tower | 53 | |
| Guard Tower | 21 | |
| Keep | 1 | |
| Arcane Tower | 3 | |
| Town Hall | 1 | |
| Arcane Vault | 1 | |
| Gryphon Aviary | 2 | |
| Arcane Sanctum | 1 | |
| Castle | 1 | |
| Blacksmith | 1 | |
| Barracks | 1 | |
96 total
» build order
00:08 Altar of Kings
00:12 Altar of Kings
00:16 Lumber Mill
00:19 Farm
00:33 Farm
01:27 Scout Tower
01:27 Scout Tower
01:28 Scout Tower
01:38 Scout Tower
01:40 Scout Tower
01:56 Guard Tower
02:00 Scout Tower
02:20 Guard Tower
02:29 Guard Tower
02:41 Scout Tower
02:45 Scout Tower
02:57 Scout Tower
03:10 Guard Tower
03:27 Guard Tower
03:41 Scout Tower
03:42 Guard Tower
04:04 Scout Tower
04:05 Scout Tower
04:23 Scout Tower
04:24 Scout Tower
04:30 Scout Tower
04:31 Scout Tower
04:37 Scout Tower
04:39 Scout Tower
04:57 Guard Tower
05:00 Scout Tower
05:05 Guard Tower
05:10 Scout Tower
05:21 Guard Tower
05:21 Guard Tower
05:23 Scout Tower
05:41 Guard Tower
06:14 Scout Tower
06:16 Scout Tower
06:29 Scout Tower
06:48 Guard Tower
06:59 Scout Tower
07:12 Keep
07:16 Guard Tower
07:18 Scout Tower
07:19 Scout Tower
07:21 Scout Tower
07:23 Scout Tower
07:25 Guard Tower
07:34 Scout Tower
07:35 Scout Tower
07:59 Scout Tower
08:01 Guard Tower
08:08 Scout Tower
08:09 Scout Tower
08:09 Scout Tower
08:22 Scout Tower
08:24 Scout Tower
08:24 Scout Tower
09:18 Guard Tower
09:22 Arcane Tower
10:33 Town Hall
10:51 Guard Tower
10:53 Scout Tower
10:55 Scout Tower
10:58 Arcane Vault
11:06 Guard Tower
12:48 Gryphon Aviary
12:50 Guard Tower
14:39 Gryphon Aviary
15:06 Farm
15:57 Arcane Sanctum
16:31 Farm
16:31 Farm
16:57 Scout Tower
17:55 Scout Tower
17:55 Scout Tower
17:55 Scout Tower
17:57 Scout Tower
17:58 Scout Tower
17:59 Scout Tower
17:59 Scout Tower
18:00 Scout Tower
18:01 Scout Tower
18:01 Scout Tower
18:12 Scout Tower
18:13 Scout Tower
18:25 Castle
18:39 Blacksmith
18:40 Barracks
19:03 Guard Tower
24:31 Farm
27:48 Arcane Tower
27:52 Arcane Tower
» items
| Healing Salve | 1 | |
| Lesser Clarity Potion | 2 | |
| Scroll of Speed | 1 | |
| Periapt of Vitality | 3 | |
| Circlet of Nobility | 3 | |
| Potion of Invisibility | 1 | |
| Staff of Teleportation | 2 | |
| Boots of Speed | 2 | |
| Potion of Mana | 1 | |
| Staff of Sanctuary | 1 | |
17 total

»
iggy_the_fisk (
orange | 117 APM | 3901 actions | 33:16)
7 Blademaster
3 Wind Walk
3 Critical Strike
1 Bladestorm
4 Shadow Hunter
2 Hex
2 Healing Wave
» actions
| Assign group hotkey | 135 | |
| Basic commands | 9 | |
| Build / train | 78 | |
| Enter build submenu | 60 | |
| Enter hero's abilities submenu | 11 | |
| Give item / drop item | 7 | |
| Remove unit from queue | 3 | |
| Right click | 2225 | |
| Select / deselect | 357 | |
| Select group hotkey | 762 | |
| Use ability | 254 | |
3901 total
» units
» upgrades
| Reinforced Defenses | 1 | |
| Liquid Fire | 1 | |
2 total
» buildings
| Altar of Storms | 1 | |
| Orc Burrow | 4 | |
| War Mill | 1 | |
| Watch Tower | 56 | |
| Voodoo Lounge | 3 | |
| Great Hall | 2 | |
| Stronghold | 1 | |
| Fortress | 1 | |
| Beastiary | 3 | |
72 total
» build order
00:04 Altar of Storms
00:06 Orc Burrow
00:50 War Mill
01:26 Orc Burrow
02:20 Watch Tower
02:22 Watch Tower
02:37 Watch Tower
04:05 Watch Tower
04:19 Voodoo Lounge
04:43 Watch Tower
04:58 Watch Tower
05:15 Watch Tower
06:39 Watch Tower
06:42 Watch Tower
06:47 Orc Burrow
07:25 Watch Tower
07:41 Voodoo Lounge
07:58 Voodoo Lounge
08:50 Great Hall
09:06 Watch Tower
09:09 Watch Tower
10:49 Stronghold
10:51 Watch Tower
11:11 Watch Tower
11:14 Watch Tower
12:50 Orc Burrow
12:53 Watch Tower
13:52 Fortress
13:57 Beastiary
14:20 Watch Tower
14:33 Beastiary
14:34 Beastiary
15:17 Watch Tower
15:49 Watch Tower
19:07 Watch Tower
19:12 Watch Tower
21:25 Watch Tower
24:46 Watch Tower
28:41 Watch Tower
28:43 Watch Tower
28:46 Watch Tower
28:48 Watch Tower
28:50 Watch Tower
28:52 Watch Tower
28:53 Watch Tower
29:04 Watch Tower
29:06 Watch Tower
29:09 Watch Tower
29:11 Watch Tower
29:11 Watch Tower
29:12 Watch Tower
29:16 Watch Tower
29:17 Watch Tower
29:21 Watch Tower
29:29 Watch Tower
29:30 Watch Tower
29:43 Watch Tower
29:44 Watch Tower
29:45 Watch Tower
29:46 Watch Tower
29:56 Watch Tower
30:07 Watch Tower
30:11 Great Hall
31:17 Watch Tower
31:19 Watch Tower
31:22 Watch Tower
32:02 Watch Tower
32:03 Watch Tower
32:04 Watch Tower
32:05 Watch Tower
32:29 Watch Tower
32:32 Watch Tower
» items
| Healing Salve | 8 | |
| Lesser Clarity Potion | 10 | |
| Staff of Teleportation | 1 | |
| Orb of Lightning | 2 | |
| Scroll of Town Portal | 1 | |
| Potion of Mana | 2 | |
24 total
PEEON.YOU (
yellow | 73 APM | 2444 actions | 33:15)
6 Tauren Chieftain
3 Shockwave
2 Endurance Aura
1 Reincarnation
4 Pandaren Brewmaster
2 Breath of Fire
2 Drunken Brawler
» actions
| Assign group hotkey | 263 | |
| Basic commands | 30 | |
| Build / train | 71 | |
| ESC pressed | 1 | |
| Enter build submenu | 79 | |
| Enter hero's abilities submenu | 10 | |
| Give item / drop item | 12 | |
| Remove unit from queue | 1 | |
| Right click | 988 | |
| Select / deselect | 332 | |
| Select group hotkey | 453 | |
| Use ability | 204 | |
2444 total
» units
» upgrades
» buildings
| Altar of Storms | 1 | |
| War Mill | 1 | |
| Orc Burrow | 3 | |
| Watch Tower | 65 | |
| Voodoo Lounge | 1 | |
| Stronghold | 1 | |
| Great Hall | 3 | |
| Beastiary | 2 | |
| Fortress | 1 | |
78 total
» build order
00:06 Altar of Storms
00:12 War Mill
00:34 Orc Burrow
01:32 Watch Tower
02:02 Watch Tower
02:29 Voodoo Lounge
02:35 Watch Tower
04:03 Watch Tower
04:04 Watch Tower
04:17 Watch Tower
04:22 Orc Burrow
05:08 Watch Tower
05:13 Watch Tower
05:23 Watch Tower
05:24 Watch Tower
06:31 Watch Tower
06:34 Watch Tower
06:39 Watch Tower
07:17 Watch Tower
07:43 Watch Tower
08:21 Stronghold
08:23 Watch Tower
08:26 Watch Tower
08:30 Watch Tower
08:32 Watch Tower
08:55 Watch Tower
09:18 Orc Burrow
09:34 Watch Tower
09:54 Great Hall
10:00 Watch Tower
10:15 Great Hall
10:23 Watch Tower
10:38 Watch Tower
10:53 Beastiary
11:35 Beastiary
11:38 Watch Tower
11:49 Watch Tower
12:34 Fortress
13:02 Watch Tower
14:08 Watch Tower
14:11 Watch Tower
14:15 Watch Tower
15:36 Watch Tower
15:42 Watch Tower
16:36 Watch Tower
16:57 Watch Tower
17:48 Watch Tower
18:05 Watch Tower
19:47 Watch Tower
19:50 Watch Tower
22:38 Watch Tower
22:40 Watch Tower
24:18 Watch Tower
25:36 Watch Tower
25:37 Watch Tower
26:54 Watch Tower
26:56 Watch Tower
27:59 Watch Tower
28:02 Watch Tower
28:27 Watch Tower
28:29 Watch Tower
29:13 Watch Tower
29:15 Great Hall
29:38 Watch Tower
29:40 Watch Tower
30:33 Watch Tower
30:43 Watch Tower
30:44 Watch Tower
31:06 Watch Tower
31:08 Watch Tower
31:10 Watch Tower
31:43 Watch Tower
31:48 Watch Tower
31:51 Watch Tower
32:20 Watch Tower
32:49 Watch Tower
32:52 Watch Tower
32:53 Watch Tower
» items
| Lesser Clarity Potion | 11 | |
| Healing Salve | 4 | |
| Staff of Teleportation | 2 | |
| Boots of Speed | 2 | |
| Periapt of Vitality | 3 | |
| Orb of Lightning | 2 | |
| Staff of Sanctuary | 1 | |
| Scroll of Regeneration | 1 | |
26 total
Chat log
(19:52 / All) iggy_the_fisk: quit